 Dungeon Crawl Stone Soup version 0.30.1-9-gdf580d7c3d (webtiles) character file.

Game seed: 3899120550270010266

119 jagang the Trooper (level 5, 0/42 HPs)
             Began as a Human Fighter on Sept 27, 2023.
             Was an Initiate of Kikubaaqudgha.
             Killed by divine providence
             ... invoked by an orc priest
              (10 damage)
             ... on level 3 of the Dungeon.
             The game lasted 00:03:29 (1557 turns).

jagang the Trooper (Human Fighter)                  Turns: 1557, Time: 00:03:30

Health: 0/42       AC:  6    Str: 19    XL:     5   Next: 24%
Magic:  5/5        EV:  9    Int:  8    God:    Kikubaaqudgha [......]
Gold:   122        SH:  4    Dex: 12    Spells: 4/4 levels left

rFire   . . .        a - +0 long sword
rCold   . . .        c - +0 buckler
rNeg    + . .        b - +0 scale mail
rPois   .            (no helmet)
rElec   .            (no cloak)
rCorr   .            (no gloves)
SInv    .            (no boots)
Will    .....        (no amulet) Stlth
                     f - ring of positive energy
HPRegen 0.27/turn    (no ring)
MPRegen 0.09/turn

%: no passive effects
@: no status effects
A: no striking features
a: Renounce Religion


You were on level 3 of the Dungeon.
You worshipped Kikubaaqudgha.
Kikubaaqudgha was noncommittal.
You visited 1 branch of the dungeon, and saw 3 of its levels.

You collected 122 gold pieces.

Inventory:

Hand Weapons
 a - a +0 long sword (weapon)
 l - a +2 dagger of venom
Missiles
 e - 9 poisoned darts (quivered)
Armour
 b - a +0 scale mail (worn)
 c - a +0 buckler (worn)
Jewellery
 f - a ring of positive energy (left hand)
Scrolls
 h - a scroll of poison {unknown}
 i - a scroll of identify {unknown}
 j - 2 scrolls of magic mapping {unknown}
 k - a scroll of silence {unknown}
 n - a scroll of enchant weapon {unknown}
 o - a scroll of teleportation {unknown}
 q - 2 scrolls of vulnerability {unknown}
Potions
 d - a potion of might
 g - a potion of haste {unknown}
 m - a potion of lignification {unknown}
 p - 2 potions of heal wounds {unknown}
 r - a potion of mutation {unknown}


   Skills:
 * Level 3.9 Fighting
 * Level 3.2 Long Blades
 + Level 1.0 Throwing
 + Level 3.5 Armour
 + Level 3.4 Shields


You had 4 spell levels left.
You didn't know any spells.
Your spell library was empty.

Dungeon Overview and Level Annotations

Branches:
Dungeon (3/15)

Altars:
Kikubaaqudgha


Message History

The orc priest hits you but does no damage.
You barely miss the orc priest.
The orc priest is heavily wounded.
The orc priest looks braver for a moment.
The orc priest hits you with a +0 hand axe.
* * * LOW HITPOINT WARNING * * *
You closely miss the orc priest.
The orc priest is heavily wounded.
The orc priest barely misses you.
You slash the orc priest!
The orc priest is almost dead.
The orc priest hits you with a +0 hand axe.
* * * LOW HITPOINT WARNING * * *
You closely miss the orc priest.
The orc priest is almost dead.
The orc priest barely misses you.
You barely miss the orc priest.
The orc priest is almost dead.
The orc priest miscasts a cantrip.
You block the orc priest's attack.
The orc priest looks braver for a moment.
You hit the orc priest.
You kill the orc priest!
Kikubaaqudgha accepts your kill.
Your life force feels restored.
Your Throwing skill increases to level 1!
You have reached level 5!
You barely miss the orc. The orc hits you with a +0 club.
* * * LOW HITPOINT WARNING * * *
You slash the orc!
You kill the orc!
Kikubaaqudgha accepts your kill. The orc priest closely misses you.
You closely miss the orc priest. The orc priest barely misses you.
You closely miss the orc priest. The orc priest closely misses you.
You barely miss the orc priest.
The orc priest mumbles some strange prayers to Beogh against you.
Beogh smites you!
You die...
Kikubaaqudgha rasps: "You have failed me!
Welcome... death!"

#...########.#.##
# ##.## #.# #.#
###.####
###......#
#.)......#
#.#.#.#..#
#@#...#..#
#o#.o##..# #$....
.# ###.... .#
...### ####


You could see an orc priest.

Vanquished Creatures
  An orc priest (D:3)
  A gnoll (D:1)
  3 adders
  3 dart slugs
  3 orcs (D:3)
  3 ball pythons
  A bat (D:1)
  An endoplasm (D:2)
  A giant cockroach (D:3)
  3 goblins
  2 hobgoblins
  4 jackals
  3 frilled lizards
  9 kobolds
  6 rats
44 creatures vanquished.

Vanquished Creatures (others)
  A jackal (D:3)
1 creature vanquished.

Grand Total: 45 creatures vanquished

Notes
Turn   | Place    | Note
-------+----------+-------------------------------------------
     0 | D:1      | jagang the Human Fighter began the quest for the Orb.
     0 | D:1      | Reached XP level 1. HP: 18/18 MP: 1/1
    51 | D:1      | Reached XP level 2. HP: 21/24 MP: 2/2
    65 | D:1      | Found a faded altar of an unknown god.
   302 | D:1      | Reached XP level 3. HP: 28/29 MP: 3/3
   743 | D:2      | Reached XP level 4. HP: 34/35 MP: 4/4
  1296 | D:3      | Found an ancient bone altar of Kikubaaqudgha.
  1307 | D:3      | Became a worshipper of Kikubaaqudgha
  1553 | D:3      | Reached skill level 1 in Throwing
  1553 | D:3      | Reached XP level 5. HP: 10/42 MP: 5/5
  1557 | D:3      | Killed from afar by an orc priest

Illustrated notes

Levels and vault maps discovered:
D:1:      dreamdust_arrival_beginning_and_end, layout_rooms,
          ebering_ecumenical_altar_box
D:2:      layout_basic, nicolae_elevator_lobby_asterisk
D:3:      layout_loops_cross, nicolae_kikubaaqudgha_miasma_corner

Skill      XL: |  1  2  3  4 |
---------------+-------------+-----
Long Blades    | 3 |  3.2
Throwing       | 1 |  1.0
Fighting       | |  3.9
Armour         | |  3.5
Shields        | |  3.4

Action                     |  1- 3 |  4- 6 || total
---------------------------+-------+-------++-------
  Melee: Long sword        |    73 |    65 ||   138
  Throw: Dart              |     3 |       ||     3
 Armour: Scale mail        |    29 |    14 ||    43
  Dodge: Dodged            |    33 |    24 ||    57
  Block: Buckler           |    17 |    18 ||    35
